3A
PUT-IN-BAY BC @ KENNESAW JETS
05/28/2038
 
TOP OF THE 1ST
Put-In-Bay BC batting - Pitching for Kennesaw Jets : LHP Tim Tate
Pitching: LHP Tim Tate
Batting: RHB Tom Hendrickson 0-0: Ball
1-0: Ground out 6-3 (Groundball, 6, EV 92.5 MPH)
Batting: LHB Javier Castro 0-0: Called Strike
0-1: Ball
1-1: Ground out U3 (Groundball, 3, EV 85.0 MPH)
Batting: RHB Eduard Argelander 0-0: TRIPLE (Line Drive, 89XD, EV 110.0 MPH)
Batting: LHB Snow Wang 0-0: Ball
1-0: Fly out, F7 (Flyball, 7S, EV 80.6 MPH)
Top of the 1st over - 0 runs, 1 hit, 0 errors, 1 left on base; Put-In-Bay 0 - Kennesaw 0
BOTTOM OF THE 1ST
Kennesaw Jets batting - Pitching for Put-In-Bay BC : RHP Jerry Cherry
Pitching: RHP Jerry Cherry
Batting: RHB Manuel Vallejo 0-0: Ball
1-0: Ball
2-0: Ground out 6-3 (Groundball, 6M, EV 92.5 MPH)
Batting: RHB Sasha Orlovsky 0-0: Called Strike
0-1: Foul Ball, location: 2F
0-2: Ball
1-2: Ball
2-2: Strikes out swinging
Batting: LHB Masamune Ueda 0-0: Ball
1-0: Ball
2-0: Fly out, F8 (Flyball, 8RD, EV 95.0 MPH)
Bottom of the 1st over - 0 runs, 0 hits, 0 errors, 0 left on base; Put-In-Bay 0 - Kennesaw 0
TOP OF THE 2ND
Put-In-Bay BC batting - Pitching for Kennesaw Jets : LHP Tim Tate
Batting: RHB Martin Payton 0-0: Ball
1-0: Called Strike
1-1: Ball
2-1: Ground out 4-3 (Groundball, 4, EV 98.1 MPH)
Batting: RHB Victor Haley 0-0: Foul Ball, location: 2F
0-1: Ball
1-1: Ball
2-1: Foul Ball, location: 2F
2-2: Foul Ball, location: 2F
2-2: Ground out U3 (Groundball, 34, EV 107.5 MPH)
Batting: RHB Kent Potter 0-0: Hit by Pitch
Batting: SHB Ángel García 0-0: Foul Ball, location: 2F
0-1: Ball
1-1: Called Strike
1-2: Strikes out looking
Top of the 2nd over - 0 runs, 0 hits, 0 errors, 1 left on base; Put-In-Bay 0 - Kennesaw 0
BOTTOM OF THE 2ND
Kennesaw Jets batting - Pitching for Put-In-Bay BC : RHP Jerry Cherry
Batting: RHB Bras Castanheta 0-0: Swinging Strike
0-1: Swinging Strike
0-2: Ball
1-2: Ball
2-2: Strikes out swinging
Batting: RHB Andy Combs 0-0: Ball
1-0: Fly out, F8 (Flyball, 78D, EV 102.5 MPH)
Batting: RHB Adam Wiltern 0-0: Ball
1-0: Foul Ball, location: 2F
1-1: TRIPLE (Flyball, 8RXD, EV 99.4 MPH)
Batting: LHB Reynaldo Pérez 0-0: Ball
1-0: Ball
2-0: Fly out, F8 (Flyball, 8RXD, EV 101.2 MPH)
Bottom of the 2nd over - 0 runs, 1 hit, 0 errors, 1 left on base; Put-In-Bay 0 - Kennesaw 0
TOP OF THE 3RD
Put-In-Bay BC batting - Pitching for Kennesaw Jets : LHP Tim Tate
Batting: LHB Sergio Morán 0-0: Ball
1-0: Fly out, F8 (Flyball, 8LS, EV 87.5 MPH)
Batting: RHB Tom Hendrickson 0-0: Ball
1-0: DOUBLE (Line Drive, 78D, EV 107.5 MPH)
Batting: LHB Javier Castro 0-0: Fly out, F9 (Flyball, 89D, EV 96.9 MPH)
Batting: RHB Eduard Argelander 0-0: Ground out 5-3 (Groundball, 5L, EV 106.2 MPH)
Top of the 3rd over - 0 runs, 1 hit, 0 errors, 1 left on base; Put-In-Bay 0 - Kennesaw 0
BOTTOM OF THE 3RD
Kennesaw Jets batting - Pitching for Put-In-Bay BC : RHP Jerry Cherry
Batting: LHB Robert Dawson 0-0: Ball
1-0: Foul Ball, location: 2F
1-1: Swinging Strike
1-2: Strikes out swinging
Batting: LHB Matt Mullen 0-0: Called Strike
0-1: Foul Ball, location: 2F
0-2: Ball
1-2: Foul Ball, location: 2F
1-2: Ball
2-2: Reached on error, E1 (Groundball, 34S, EV 86.9 MPH)
Batting: RHB Manuel Vallejo 0-0: Ball
1-0: Called Strike
1-1: Called Strike
1-2: Ball
2-2: Foul Ball, location: 2F
2-2: Foul Ball, location: 2F
2-2: Foul Ball, location: 2F
2-2: Ball
3-2: Foul Ball, location: 2F
3-2: Fly out, F4 (Popup, 4S, EV 74.4 MPH)
Batting: RHB Sasha Orlovsky 0-0: Ball
1-0: Called Strike
1-1: Ball
2-1: Ball
3-1: Foul Ball, location: 2F
3-2: Base on Balls
Matt Mullen to second
Batting: LHB Masamune Ueda 0-0: Ball
1-0: Foul Ball, location: 2F
1-1: Foul Ball, location: 2F
1-2: Ball
2-2: Ball
3-2: Foul Ball, location: 2F
3-2: Hit by Pitch
Matt Mullen to third
Sasha Orlovsky to second
Batting: RHB Bras Castanheta 0-0: Ball
1-0: Foul Ball, location: 2F
1-1: Ball
2-1: Called Strike
2-2: Ball
3-2: Foul Ball, location: 2F
3-2: Base on Balls
Matt Mullen scores
Sasha Orlovsky to third
Masamune Ueda to second
Batting: RHB Andy Combs 0-0: SINGLE (Line Drive, 9S, EV 96.2 MPH)
Sasha Orlovsky scores
Masamune Ueda to third
Bras Castanheta to second
Runner from 3rd tries for Home, SAFE, no throw by RF
Batting: RHB Adam Wiltern 0-0: Ball
1-0: Ball
2-0: Foul Ball, location: 2F
2-1: Called Strike
2-2: Fielders Choice at 2nd, 5-4 (Groundball, 56, EV 78.8 MPH)
Bottom of the 3rd over - 3 runs, 1 hit, 1 error, 2 left on base; Put-In-Bay 0 - Kennesaw 3
TOP OF THE 4TH
Put-In-Bay BC batting - Pitching for Kennesaw Jets : LHP Tim Tate
Batting: LHB Snow Wang 0-0: Ball
1-0: DOUBLE (Line Drive, 78M, EV 92.5 MPH)
Batting: RHB Martin Payton 0-0: Fly out, F8 (Flyball, 8LXD, EV 106.2 MPH)
Runner from 2nd tags up, SAFE at 3rd, no throw by CF
Batting: RHB Victor Haley 0-0: Ball
1-0: SINGLE (Groundball, 56D, EV 99.4 MPH)
Snow Wang scores
Batting: RHB Kent Potter 0-0: Ball
1-0: Ball
Wild Pitch!
Victor Haley to second
2-0: Ground out 6-3 (Groundball, 6D, EV 98.1 MPH)
Batting: SHB Ángel García 0-0: Ball
1-0: Ball
2-0: Foul Ball, location: 2F
2-1: Swinging Strike
2-2: Fly out, F8 (Line Drive, 8LD, EV 91.2 MPH)
Top of the 4th over - 1 run, 2 hits, 0 errors, 1 left on base; Put-In-Bay 1 - Kennesaw 3
BOTTOM OF THE 4TH
Kennesaw Jets batting - Pitching for Put-In-Bay BC : RHP Jerry Cherry
Batting: LHB Reynaldo Pérez 0-0: Ball
1-0: Called Strike
1-1: Ball
2-1: Foul Ball, location: 2F
2-2: Strikes out looking
Batting: LHB Robert Dawson 0-0: Ball
1-0: SINGLE (Line Drive, 8RS, EV 105.0 MPH)
Batting: LHB Matt Mullen 0-0: Ball
1-0: Ball
2-0: Fly out, F4 (Popup, 23, EV 91.9 MPH)
Batting: RHB Manuel Vallejo 0-0: Called Strike
0-1: Ball
1-1: Ground out 5-3 (Groundball, 56S, EV 81.9 MPH)
Bottom of the 4th over - 0 runs, 1 hit, 0 errors, 1 left on base; Put-In-Bay 1 - Kennesaw 3
TOP OF THE 5TH
Put-In-Bay BC batting - Pitching for Kennesaw Jets : LHP Tim Tate
Batting: LHB Sergio Morán 0-0: Fly out, F8 (Flyball, 8LD, EV 85.0 MPH)
Batting: RHB Tom Hendrickson 0-0: Ball
1-0: Called Strike
1-1: Ball
2-1: Swinging Strike
2-2: Strikes out swinging
Batting: LHB Javier Castro 0-0: Foul Ball, location: 2F
0-1: Ball
1-1: Foul Ball, location: 2F
1-2: Fly out, F4 (Popup, 4MD, EV 25.6 MPH)
Top of the 5th over - 0 runs, 0 hits, 0 errors, 0 left on base; Put-In-Bay 1 - Kennesaw 3
BOTTOM OF THE 5TH
Kennesaw Jets batting - Pitching for Put-In-Bay BC : RHP Jerry Cherry
Batting: RHB Sasha Orlovsky 0-0: Ball
1-0: Ground out 5-3 (Groundball, 5S, EV 90.6 MPH)
Batting: LHB Masamune Ueda 0-0: Ball
1-0: Ball
2-0: Ball
3-0: Called Strike
3-1: Base on Balls
Batting: RHB Bras Castanheta 0-0: Swinging Strike
0-1: Ball
1-1: Ball
2-1: Ball
3-1: Foul Ball, location: 2F
3-2: Fly out, F7 (Flyball, 78S, EV 82.5 MPH)
Batting: RHB Andy Combs 0-0: Ball
1-0: Called Strike
Masamune Ueda steals 2nd base
1-1: Foul Ball, location: 2F
1-2: Strikes out swinging
Bottom of the 5th over - 0 runs, 0 hits, 0 errors, 1 left on base; Put-In-Bay 1 - Kennesaw 3
TOP OF THE 6TH
Put-In-Bay BC batting - Pitching for Kennesaw Jets : LHP Tim Tate
Batting: RHB Eduard Argelander 0-0: Ball
1-0: Ball
2-0: Ground out 6-3 (Groundball, 6, EV 79.4 MPH)
Batting: LHB Snow Wang 0-0: Ball
1-0: Foul Ball, location: 2F
1-1: SOLO HOME RUN (Flyball, 9D, EV 96.2 MPH), Distance : 364 ft
Batting: RHB Martin Payton 0-0: Foul Ball, location: 2F
0-1: Foul Ball, location: 2F
0-2: Foul Ball, location: 2F
0-2: Ball
1-2: SOLO HOME RUN (Flyball, 78XD, EV 103.8 MPH), Distance : 411 ft
Batting: RHB Victor Haley 0-0: Called Strike
0-1: Ball
1-1: Ball
2-1: Ball
3-1: Base on Balls
Batting: RHB Kent Potter 0-0: Foul Ball, location: 2F
0-1: Grounds into double play, 6-4-3 (Groundball, 6, EV 80.6 MPH)
Top of the 6th over - 2 runs, 2 hits, 0 errors, 0 left on base; Put-In-Bay 3 - Kennesaw 3
BOTTOM OF THE 6TH
Kennesaw Jets batting - Pitching for Put-In-Bay BC : RHP Jerry Cherry
Batting: RHB Adam Wiltern 0-0: Ball
1-0: Fly out, F8 (Flyball, 8LM, EV 89.4 MPH)
Batting: LHB Reynaldo Pérez 0-0: Called Strike
0-1: Called Strike
0-2: Foul Ball, location: 2F
0-2: Strikes out swinging
Batting: LHB Robert Dawson 0-0: Hit by Pitch
Pitching: LHP Luca Boccasino
Batting: LHB Matt Mullen 0-0: Foul Ball, location: 2F
0-1: Ball
1-1: SINGLE (Groundball, 6D, EV 108.1 MPH)
Robert Dawson to second
Runner from 2nd tries for 3rd, SAFE, no throw by CF
Batting: RHB Manuel Vallejo 0-0: Ball
1-0: Called Strike
1-1: Ball
2-1: DOUBLE (Line Drive, 8LXD, EV 100.0 MPH)
Robert Dawson scores
Matt Mullen to third
Batting: RHB Sasha Orlovsky 0-0: SINGLE (Groundball, 56D, EV 106.9 MPH)
Matt Mullen scores
Manuel Vallejo to third
Runner from 3rd tries for Home, SAFE, no throw by LF
Batting: LHB Masamune Ueda 0-0: Called Strike
Sasha Orlovsky steals 2nd base
0-1: Foul Ball, location: 2F
0-2: Foul Ball, location: 2F
0-2: Foul Ball, location: 2F
0-2: Foul Ball, location: 2F
0-2: Ball
1-2: Ball
2-2: SINGLE (Groundball, 34D, EV 96.9 MPH)
Sasha Orlovsky to third
Runner from 3rd tries for Home, SAFE, no throw by RF
Pitching: RHP Terry Hall
Batting: RHB Bras Castanheta 0-0: Ball
1-0: Ball
2-0: Ball
3-0: Called Strike
3-1: Called Strike
3-2: Foul Ball, location: 2F
3-2: Foul Ball, location: 2F
3-2: Base on Balls
Masamune Ueda to second
Batting: RHB Andy Combs 0-0: Swinging Strike
0-1: Fly out, F9 (Flyball, 89S, EV 82.5 MPH)
Bottom of the 6th over - 4 runs, 4 hits, 0 errors, 2 left on base; Put-In-Bay 3 - Kennesaw 7
TOP OF THE 7TH
Put-In-Bay BC batting - Pitching for Kennesaw Jets : LHP Tim Tate
Batting: SHB Ángel García 0-0: Ball
1-0: Ball
2-0: Ball
3-0: Called Strike
3-1: Base on Balls
Batting: LHB Sergio Morán 0-0: Ball
1-0: Ball
2-0: Ball
3-0: Called Strike
3-1: Grounds into double play, 6-4-3 (Groundball, 6, EV 103.1 MPH)
Batting: RHB Tom Hendrickson 0-0: Ball
1-0: Swinging Strike
1-1: Called Strike
1-2: Ball
2-2: Strikes out swinging
Top of the 7th over - 0 runs, 0 hits, 0 errors, 0 left on base; Put-In-Bay 3 - Kennesaw 7
BOTTOM OF THE 7TH
Kennesaw Jets batting - Pitching for Put-In-Bay BC : RHP Terry Hall
Batting: RHB Adam Wiltern 0-0: Called Strike
0-1: Fly out, F8 (Flyball, 8LS, EV 88.8 MPH)
Batting: LHB Reynaldo Pérez 0-0: Ground out 1-3 (Groundball, 23, EV 76.9 MPH)
Batting: LHB Robert Dawson 0-0: Ball
1-0: Swinging Strike
1-1: Foul Ball, location: 2F
1-2: Ball
2-2: Strikes out swinging
Bottom of the 7th over - 0 runs, 0 hits, 0 errors, 0 left on base; Put-In-Bay 3 - Kennesaw 7
TOP OF THE 8TH
Put-In-Bay BC batting - Pitching for Kennesaw Jets : LHP Tim Tate
Batting: LHB Javier Castro 0-0: Ball
1-0: Foul Ball, location: 2F
1-1: Ground out 4-3 (Groundball, 4, EV 85.0 MPH)
Batting: RHB Eduard Argelander 0-0: Ground out 6-3 (Groundball, 6, EV 80.6 MPH)
Batting: LHB Snow Wang 0-0: Swinging Strike
0-1: Ball
1-1: Ground out 4-3 (Groundball, 4, EV 105.6 MPH)
Top of the 8th over - 0 runs, 0 hits, 0 errors, 0 left on base; Put-In-Bay 3 - Kennesaw 7
BOTTOM OF THE 8TH
Kennesaw Jets batting - Pitching for Put-In-Bay BC : RHP Terry Hall
Batting: LHB Matt Mullen 0-0: Ball
1-0: Called Strike
1-1: Foul Ball, location: 2F
1-2: Ball
2-2: Reached on error, E3 (Groundball, 34, EV 80.0 MPH)
Batting: RHB Manuel Vallejo 0-0: Ground out 6-3 (Groundball, 6, EV 80.6 MPH)
Batting: RHB Sasha Orlovsky 0-0: Ball
1-0: Ball
2-0: Ball
3-0: Base on Balls
Batting: LHB Masamune Ueda 0-0: Ball
1-0: Ball
2-0: Ball
3-0: Called Strike
3-1: Base on Balls
Matt Mullen to third
Sasha Orlovsky to second
Batting: RHB Bras Castanheta 0-0: Ball
1-0: Foul Ball, location: 2F
1-1: Fly out, F7 (Flyball, 8LM, EV 86.9 MPH)
Batting: RHB Andy Combs 0-0: Ball
1-0: Ball
2-0: Foul Ball, location: 2F
2-1: SINGLE (Line Drive, 7S, EV 105.0 MPH)
Matt Mullen scores
Sasha Orlovsky to third
Masamune Ueda to second
Batting: RHB Adam Wiltern 0-0: Ball
1-0: Ball
2-0: Fly out, F7 (Flyball, 7D, EV 105.6 MPH)
Bottom of the 8th over - 1 run, 1 hit, 1 error, 3 left on base; Put-In-Bay 3 - Kennesaw 8
TOP OF THE 9TH
Put-In-Bay BC batting - Pitching for Kennesaw Jets : LHP Tim Tate
Batting: RHB Martin Payton 0-0: Called Strike
0-1: Ground out 6-3 (Groundball, 6, EV 101.9 MPH)
Batting: RHB Victor Haley 0-0: Ball
1-0: Fly out, F7 (Flyball, 7LS, EV 79.4 MPH)
Batting: RHB Kent Potter 0-0: Ball
1-0: Foul Ball, location: 2F
1-1: Ground out 1-3 (Groundball, 15S, EV 70.6 MPH)
Top of the 9th over - 0 runs, 0 hits, 0 errors, 0 left on base; Put-In-Bay 3 - Kennesaw 8
Friday, April 17th, 2020 - OOTP Baseball 20.8 Build 74